 Dungeon Crawl Stone Soup version 0.22-a0-833-g8522bf8 (webtiles) character file.

64 KristoblXynda the Skirmisher (level 4, -5/73 HPs)
             Began as an Ogre Berserker on July 25, 2018.
             Was a Follower of Trog.
             Slain by a gnoll shaman
             ... wielding a +0 whip
              (8 damage)
             ... on level 4 of the Dungeon.
             The game lasted 00:01:53 (1221 turns).

KristoblXynda the Skirmisher (Ogre Berserker)       Turns: 1221, Time: 00:01:54

Health: -5/73      AC:  3    Str: 26    XL:     4   Next: 12%
Magic:  4/4        EV: 10    Int:  8    God:    Trog [*.....]
Gold:   95         SH:  0    Dex:  9    Spells: 3/3 levels left

rFire    . . .     SeeInvis .   a - +0 mace
rCold    . . .     Gourm    .   (no shield)
rNeg     . . .     Faith    .   b - +0 animal skin
rPois    .         Spirit   .   (helmet restricted)
rElec    .         Reflect  .   (no cloak)
rCorr    .         Harm     .   (gloves unavailable)
MR       .....                  (boots unavailable)
Stlth    ..........             (no amulet)
HPRegen  0.22/turn              e - ring of attention (curse)
MPRegen  0.09/turn              (no ring)

@: berserking, glowing, very quick
A: large, unfitting armour, tough skin 1
a: Berserk, Renounce Religion


You were on level 4 of the Dungeon.
You worshipped Trog.
Trog was aware of your devotion.
You were hungry.

You visited 1 branch of the dungeon, and saw 3 of its levels.

You collected 95 gold pieces.

Inventory:

Hand Weapons
 a - a +0 mace (weapon)
Armour
 b - a +0 animal skin (worn)
Jewellery
 e - a cursed ring of attention (left hand)
Potions
 d - a potion of heal wounds {unknown}
Comestibles
 c - 3 rations
 f - 3 chunks of flesh


   Skills:
 + Level 4.7 Fighting
 * Level 3.6 Maces & Flails
 + Level 3.2 Dodging


You had 3 spell levels left.
You didn't know any spells.
Your spell library was empty.

Dungeon Overview and Level Annotations

Branches:
Dungeon (2/15)

Altars:
Gozag


Innate Abilities, Weirdness & Mutations

You are too large for most types of armour.
You have tough skin. (AC +1)


Message History

Unknown command.
The gnoll shaman invokes the aid of its god against you.
You are outlined in light.
Unknown command.
You are confused.
You feel invigorated. The gnoll shaman hits you with a whip.
* * * LOW HITPOINT WARNING * * *
The gnoll shaman hits you with a whip.
* * * LOW HITPOINT WARNING * * *
You bump into the rock wall.
You feel less invigorated.
You feel less confused. The gnoll shaman hits you with a whip.
* * * LOW HITPOINT WARNING * * *
Unknown command.
A red film seems to cover your vision as you go berserk!
You feel yourself moving faster!
You feel mighty!
You are feeling hungry.
The gnoll shaman hits you with a whip!
You die...

..####.........#
##.......##
##.....##
##.g(## ##(##
#g# #.#
###g######
#...gSg@.#
#.....##.#
#..........
#..??...##.###
###.##### .# #.
.# ## ##


You could see a gnoll shaman, 2 gnolls and an adder.

Vanquished Creatures
  A jelly (D:2)
  A gnoll (D:4)
  An adder (D:2)
  A dart slug (D:1)
  A leopard gecko (D:1)
  An orc (D:4)
  3 hobgoblins (D:1)
  A ball python (D:2)
  A frilled lizard (D:2)
  5 rats
16 creatures vanquished.

Vanquished Creatures (others)
  An elf (D:1)
  A formicid (D:1)
  3 vampires (D:1)
  3 humans (D:1)
  A naga (D:1)
  A dwarf (D:1)
  2 ogres (D:1)
  5 tentacles (D:1)
17 creatures vanquished.

Grand Total: 33 creatures vanquished

Notes
Turn   | Place    | Note
-------+----------+-------------------------------------------
     0 | D:1      | KristoblXynda the Ogre Berserker began the quest for the Orb.
     0 | D:1      | Reached XP level 1. HP: 24/24 MP: 1/1
     0 | D:1      | Noticed a human
     0 | D:1      | Noticed a dwarf
     0 | D:1      | Noticed a vampire
     0 | D:1      | Noticed a human
     0 | D:1      | Noticed an ogre
     0 | D:1      | Noticed a naga
     0 | D:1      | Noticed a vampire
     0 | D:1      | Noticed a kraken
     0 | D:1      | Noticed a human
     0 | D:1      | Noticed an elf
     0 | D:1      | Noticed an ogre
     0 | D:1      | Noticed a vampire
     0 | D:1      | Noticed a formicid
     2 | D:1      | Killed a naga
     5 | D:1      | Killed a human
     6 | D:1      | Killed a vampire
     6 | D:1      | Killed a vampire
     6 | D:1      | Killed a dwarf
     6 | D:1      | Killed a human
     7 | D:1      | Killed an ogre
     8 | D:1      | Killed a formicid
     8 | D:1      | Killed an ogre
     9 | D:1      | Killed a human
    11 | D:1      | Killed an elf
    12 | D:1      | Killed a vampire
   319 | D:1      | Reached XP level 2. HP: 32/32 MP: 2/2
   550 | D:2      | Reached XP level 3. HP: 5/40 MP: 3/3
  1099 | D:2      | Found an opulent altar of Gozag.
  1111 | D:2      | You fall through a shaft for 2 floors!
  1151 | D:4      | Reached XP level 4. HP: 13/49 MP: 4/4
  1208 | D:4      | HP: 1/49 [gnoll/flail (8)]
  1216 | D:4      | HP: 1/49 [gnoll shaman/whip (5)]
  1221 | D:4      | Slain by a gnoll shaman

Vault maps used:
D:1:      nicolae_arrival_kraken_aquarium_a
D:2:      grunt_gozag_statues
D:4:      okawaru_metal_pillars_1_2, first_ration, eino_tiny_chamber,
          xom_redecorated

Skill      XL: |  1  2 |
---------------+-------+-----
Maces & Flails | 3 |  3.6
Dodging        | 3 |  3.2
Fighting       | |  4.7

Action                   |  1- 3 |  4- 6 || total
-------------------------+-------+-------++-------
Melee: Mace              |    63 |       ||    63
Invok: Berserk           |     1 |     1 ||     2
  Use: Potion            |     1 |     1 ||     2
       Scroll            |     1 |       ||     1
  Eat: Chunk             |     2 |       ||     2
Armor: Animal skin       |    12 |       ||    12
Dodge: Dodged            |    25 |     5 ||    30

Table legend:
 A = Spawn XP
 B = Non-spawn XP
 C = Spawn XP percentage of total XP
 D = Spawn monster count
 E = Non-spawn monster count
 F = Spawn count percentage of total count
 G = Total turns spent on level
                    A         B        C        D         E        F      G
               +---------+---------+-------+---------+---------+-------+---------
         Total |       0 |      92 |   0.0 |       0 |      16 |   0.0 |  1221
               +---------+---------+-------+---------+---------+-------+---------
           D:1 |       0 |      17 |   0.0 |       0 |       9 |   0.0 |   519
           D:2 |       0 |      57 |   0.0 |       0 |       5 |   0.0 |   592
           D:4 |       0 |      18 |   0.0 |       0 |       2 |   0.0 |   110
               +---------+---------+-------+---------+---------+-------+---------
